 Dungeon Crawl Stone Soup version 0.25-a0-583-g696c2ac64d (webtiles) character file.

Game seed: 2441516331095125010, levelgen mode: deterministic

151 Maize the Chopper (level 5, -4/45 (47) HPs)
             Began as a Minotaur Berserker on Mar 8, 2020.
             Was a Believer of Trog.
             Slain by an orc
             ... wielding a +0 war axe
              (8 damage)
             ... on level 5 of the Dungeon.
             The game lasted 00:01:49 (1424 turns).

Maize the Chopper (Minotaur Berserker)              Turns: 1424, Time: 00:01:49

HP:   -4/45 (47)    AC:  9    Str: 23    XL:     5   Next: 10%
MP:   4/4           EV:  8    Int:  4    God:    Trog [**....]
Gold: 106           SH:  0    Dex:  9    Spells: 4/4 levels left

rFire    . . .     SeeInvis .   a - +0 hand axe
rCold    . . .     Gourm    .   (no shield)
rNeg     . . .     Faith    .   k - +0 chain mail
rPois    .         Spirit   .   (helmet restricted)
rElec    .         Reflect  .   (no cloak)
rCorr    .         Harm     .   (no gloves)
MR       .....                  (no boots)
Stlth    ..........             (no amulet)
HPRegen  0.00/turn              (no ring)
MPRegen  0.09/turn              (no ring)

@: berserk cooldown, non-regenerating, mildly diseased, slowed, very slow
A: retaliatory headbutt, horns 2
a: Berserk, Trog's Hand, Renounce Religion


You were on level 5 of the Dungeon.
You worshipped Trog.
Trog was pleased with you.
You were very hungry.

You visited 1 branch of the dungeon, and saw 5 of its levels.

You collected 106 gold pieces.

Inventory:

Hand Weapons
 a - a +0 hand axe (weapon)
Armour
 k - a +0 chain mail (worn)
Scrolls
 b - a scroll of magic mapping {unknown}
 d - 2 scrolls of enchant weapon {unknown}
 e - a scroll of blinking {unknown}
 g - 2 scrolls of remove curse {unknown}
 h - a scroll of fear {unknown}
 m - a scroll of identify {unknown}
Potions
 f - a potion of lignification {unknown}
 i - a potion of stabbing {unknown}
 j - a potion of curing {unknown}
 l - a potion of berserk rage {unknown}
Comestibles
 c - 3 rations


   Skills:
 + Level 4.6 Fighting
 * Level 5.6 Axes
 + Level 3.8 Armour
 - Level 2.1 Dodging


You had 4 spell levels left.
You didn't know any spells.
Your spell library was empty.

Dungeon Overview and Level Annotations

Branches:
Dungeon (6/15)
 Temple: D:4-7

Altars:
Hepliaklqana
Qazlal


Innate Abilities, Weirdness & Mutations

You reflexively headbutt those who attack you in melee.
You have a pair of horns on your head.


Message History

You closely miss the bullfrog.
The bullfrog is severely wounded.
The bullfrog hits you.
* * * LOW HITPOINT WARNING * * *
The bullfrog hits you but does no damage.
The bullfrog hits you.
* * * LOW HITPOINT WARNING * * *
The orc barely misses you.
You're still recovering from your berserk rage.
Unknown command.
Okay, then.
You completely miss the bullfrog.
The bullfrog is severely wounded.
Your chain mail prevents you from hitting the orc.
The bullfrog hits you.
* * * LOW HITPOINT WARNING * * *
The bullfrog hits you.
* * * LOW HITPOINT WARNING * * *
The orc hits you with a +0 war axe!
You die...

.# .# .#
###.# ##...##
##.....##
#..o....#
#..@....#
#.F.....#
.(...$...##
....#.......#
... #.......#
.. #.......#
. ##.....##
##...##


You could see a bullfrog and an orc.

Vanquished Creatures
  A necrophage (D:6)
  An orc priest (D:2)
  An adder (D:2)
  A worm (D:2)
  2 dart slugs (D:1)
  A leopard gecko (D:1)
  2 orcs (D:2)
  2 bats (D:1)
  A giant cockroach (D:1)
  4 goblins
  A hobgoblin (D:1)
  3 kobolds
  2 frilled lizards
  3 rats
25 creatures vanquished.

Vanquished Creatures (others)
  5 toadstools (D:1)
5 creatures vanquished.

Grand Total: 30 creatures vanquished

Notes
Turn   | Place    | Note
-------+----------+-------------------------------------------
     0 | D:1      | Maize the Minotaur Berserker began the quest for the Orb.
     0 | D:1      | Reached XP level 1. HP: 19/19 MP: 0/0
   141 | D:1      | Reached skill level 4 in Axes
   141 | D:1      | Reached XP level 2. HP: 13/27 MP: 1/1
   641 | D:2      | Reached XP level 3. HP: 16/33 MP: 2/2
   770 | D:2      | Reached XP level 4. HP: 25/40 MP: 3/3
   830 | D:2      | Found a hazy altar of Hepliaklqana.
  1152 | D:2      | Found a stormy altar of Qazlal.
  1161 | D:2      | Reached ** piety under Trog
  1367 | D:2      | Reached skill level 5 in Axes
  1391 | D:3      | You fall into a shaft and drop 3 floors!
  1392 | D:6      | Noticed a necrophage
  1403 | D:6      | Killed a necrophage
  1403 | D:6      | Reached XP level 5. HP: 45/45 MP: 4/4
  1413 | D:6      | Noticed a centaur
  1414 | D:6      | Noticed a water moccasin
  1421 | D:5      | Entered Level 5 of the Dungeon
  1424 | D:5      | Slain by an orc

Levels and vault maps discovered:
D:1:      ldierk_walled_garden, layout_basic
D:2:      layout_basic, old_standard_altar, lemuel_round_altar
D:3:      layout_loops_corners, bloody_trog, first_ration
D:5:      layout_rooms, overflow_temple_1_default,
          minmay_temple_entry_statues_pillars, ebering_ghost_sewer_d,
          serial_shops, shop
D:6:      corexii_shack_village, layout_basic

Skill      XL: |  1  2  3  4 |
---------------+-------------+-----
Axes           | 4 5 |  5.6
Fighting       | 4 |  4.6
Armour         | 3 |  3.8
Dodging        | |  2.1

Action                   |  1- 3 |  4- 6 || total
-------------------------+-------+-------++-------
Melee: Hand axe          |    57 |    15 ||    72
       Headbutt          |    10 |       ||    10
Invok: Berserk           |     1 |     1 ||     2
  Eat: Chunk             |       |     2 ||     2
Armor: Animal skin       |     7 |       ||     7
       Chain mail        |     9 |    15 ||    24
Dodge: Dodged            |    36 |     7 ||    43

Table legend:
 A = Non-vault XP
 B = Vault XP
 C = Vault XP percentage of total XP
 D = Non-vault monster count
 E = Vault monster count
 F = Vault count percentage of total count
                 A         B        C        D         E       F
            +---------+---------+-------+---------+---------+-------
      Total |     216 |       0 |   0.0 |      25 |       0 |   0.0
            +---------+---------+-------+---------+---------+-------
        D:1 |      30 |       0 |   0.0 |      15 |       0 |   0.0
        D:2 |      70 |       0 |   0.0 |       9 |       0 |   0.0
        D:6 |     116 |       0 |   0.0 |       1 |       0 |   0.0
            +---------+---------+-------+---------+---------+-------
